[Event "FIDE WAC U2000 2021"]
[Site "Rhodes"]
[Date "2021.10.23"]
[Round "7.1"]
[White "Peter Anand, A."]
[Black "Hamad Bader"]
[Result "1-0"]
[ECO "A47"]
[WhiteElo "1787"]
[BlackElo "1756"]
[Annotator "NA RC"]
[PlyCount "107"]
[EventDate "2021.10.17"]
[EventType "swiss"]
[EventCountry "GRE"]
[SourceTitle "playchess.com"]
[Source "ChessBase"]
[SourceQuality "1"]
[TimeControl "5400+30"]

1. d4 Nf6 2. Nf3 e6 3. Bg5 b6 4. e3 Bb7 5. Be2 c5 6. c3 Be7 7. Nbd2 cxd4 8. cxd4 O-O 9. O-O d6 10. Rc1 Nbd7 11. Qa4 a6 12. Qb3 b5 13. a4 Bd5 14. Qb4 a5 15. Qxb5 Rb8 16. Qd3 Rxb2 17. Rb1 Rxb1 18. Rxb1 h6 19. Bxf6 Nxf6 20. Qc3 Bxf3 21. Nxf3 d5 22. Ne5 Bb4 23. Qc2 Ne4 24. Nc6 Qd6 25. Bb5 Kh8 26. Nxb4 axb4 27. Qb2 Nc3 28. Qxb4 Qxb4 29. Rxb4 Rb8 30. Rb3 Nxb5 31. Rxb5 Rc8 32. g3 Rc2 33. Rb7 Ra2 34. Ra7 Kh7 35. Kg2 Kg6 36. a5 Kf6 37. h4 g5 38. hxg5+ hxg5 39. g4 Kg6 40. Ra8 Kg7 41. a6 Kh7 42. Kf1 Kg6 43. Ke1 Kg7 44. f3 f5 45. Kd1 f4 46. exf4 gxf4 47. Kc1 Ra4 48. a7 Ra2 49. Kb1 Ra6 50. Kb2 Ra5 51. Kb3 Ra1 52. Kb4 Ra2 53. Kb5 Rb2+ 54. Kc6 1-0

[Event "FIDE WAC U2000 2021"]
[Site "Rhodes"]
[Date "2021.10.23"]
[Round "7.2"]
[White "Celik, Berkay"]
[Black "Degrande, Marigje"]
[Result "1/2-1/2"]
[ECO "C06"]
[WhiteElo "1846"]
[BlackElo "1889"]
[Annotator "NA"]
[PlyCount "68"]
[EventDate "2021.10.17"]
[EventType "swiss"]
[EventCountry "GRE"]
[SourceTitle "playchess.com"]
[Source "ChessBase"]
[SourceQuality "1"]
[TimeControl "5400+30"]

1. e4 e6 2. d4 d5 3. Nd2 Nf6 4. e5 Nfd7 5. Bd3 c5 6. c3 Nc6 7. Ne2 cxd4 8. cxd4 f6 9. Nf4 Nxd4 10. Qh5+ Ke7 11. exf6+ Nxf6 12. Ng6+ hxg6 13. Qxh8 Kf7 14. Qh4 e5 15. Nf3 Nxf3+ 16. gxf3 Bf5 17. Bxf5 gxf5 18. Bg5 Qa5+ 19. Kf1 Be7 20. Kg2 Rc8 21. Rhc1 Rc6 22. a3 d4 23. Qh3 e4 24. fxe4 fxe4 25. Bxf6 Rxf6 26. Qb3+ Re6 27. Re1 Qf5 28. Rac1 Bh4 29. Rf1 d3 30. Rc8 Qf3+ 31. Kg1 Qg4+ 32. Kh1 Qf3+ 33. Kg1 Qg4+ 34. Kh1 Qf3+ 1/2-1/2

[Event "FIDE WAC U2000 2021"]
[Site "Rhodes"]
[Date "2021.10.23"]
[Round "7.5"]
[White "Ehab, Mohamed"]
[Black "Hagevi, Vidar"]
[Result "1-0"]
[ECO "B22"]
[WhiteElo "1948"]
[BlackElo "1784"]
[Annotator "ChessBase"]
[PlyCount "74"]
[EventDate "2021.10.17"]
[EventType "swiss"]
[EventCountry "GRE"]
[SourceTitle "playchess.com"]
[Source "ChessBase"]
[SourceQuality "1"]
[TimeControl "5400+30"]

1. e4 c5 2. Nf3 e6 3. c3 Nf6 4. e5 Nd5 5. d4 cxd4 6. cxd4 Nc6 7. Bc4 d6 8. O-O dxe5 9. dxe5 Be7 10. Qe2 Qc7 11. Bxd5 exd5 12. Nc3 Be6 13. Nb5 Qd8 14. Nfd4 Nxd4 15. Nxd4 O-O 16. Be3 Qd7 17. f4 Bf5 18. Nxf5 Qxf5 19. Rfd1 Rfd8 20. Qd3 Qe6 21. Bd4 g6 22. Rf1 f5 23. Rac1 a6 24. Rc7 Rdb8 25. Qb3 b6 26. Rfc1 Bc5 27. Bxc5 bxc5 28. Qh3 h5 29. R1xc5 Rc8 30. Qc3 Rxc7 31. Rxc7 Qb6+ 32. Qc5 Qxc5+ 33. Rxc5 Rd8 34. Rc6 Kf7 35. Rf6+ Kg7 36. Rxa6 d4 37. Kf2 Rd6 1-0

[Event "FIDE WAC U2000 2021"]
[Site "Rhodes"]
[Date "2021.10.24"]
[Round "8.1"]
[White "Peter Anand, A."]
[Black "Sultanbek, Zeinep"]
[Result "1/2-1/2"]
[ECO "D02"]
[WhiteElo "1787"]
[BlackElo "1883"]
[Annotator "NA"]
[PlyCount "144"]
[EventDate "2021.10.17"]
[EventType "swiss"]
[EventCountry "GRE"]
[SourceTitle "playchess.com"]
[Source "ChessBase"]
[SourceQuality "1"]
[TimeControl "5400+30"]

1. d4 c5 2. c3 d5 3. Nf3 Nc6 4. dxc5 e6 5. b4 a5 6. Qb3 Nf6 7. Bb2 Ne4 8. Nbd2 axb4 9. cxb4 b6 10. Nxe4 dxe4 11. Ne5 Nxe5 12. Bxe5 bxc5 13. bxc5 Qa5+ 14. Bc3 Qxc5 15. e3 Bd7 16. Be2 Bd6 17. O-O Ra3 18. Bd4 {[%emt 0:01:34] [#]} Bxh2+ $1 19. Kh1 Qe7 20. Kxh2 Rxb3 21. axb3 O-O 22. Rfc1 h5 23. Bc5 Qh4+ 24. Kg1 Rb8 25. b4 Qg5 26. Ra7 Bb5 27. Be7 Qd5 28. Rc5 Bxe2 29. Rxd5 exd5 30. Bc5 f6 31. Kh2 Kh7 32. Kg3 Kh6 33. Rd7 Bc4 34. Ra7 g5 35. Rf7 Kg6 36. Rf8 (36. Ra7 $11) 36... h4+ 37. Kh2 Rxf8 38. Bxf8 f5 39. Bd6 Kh5 40. Kh3 Bb5 41. Be5 Bd7 42. Kh2 Kg4 43. Bd4 f4 44. Be5 f3 45. Bd6 $2 {[%emt 0:04:43] [#]} (45. Kg1 $17) 45... Bb5 $2 (45... d4 $1 $19 46. Be5 d3) 46. Kg1 Kh5 47. Be5 Kg4 48. Bd6 $1 h3 (48... Bc6 $17 49. gxf3+ exf3) 49. gxh3+ Kxh3 50. Be5 g4 51. Bd4 Bd7 52. Be5 Kh4 53. Bf6+ Kh5 54. Kh2 Kg6 55. Bd4 Kf7 56. Kg3 Ke8 57. Bf6 Kf7 58. Bd4 Ke7 59. Bc5+ Kd8 60. Bd4 Kc7 61. b5 Kd6 62. b6 Kc6 63. Kh2 Bc8 64. Kg3 Kb5 65. b7 Bxb7 66. Kxg4 Kc4 67. Kg3 Kd3 68. Bc5 Ke2 69. Bd4 Bc8 70. Bc5 Bb7 71. Bd4 Bc8 72. Bc5 $15 Bb7 1/2-1/2

[Event "FIDE WAC U2000 2021"]
[Site "Rhodes"]
[Date "2021.10.24"]
[Round "8.2"]
[White "Degrande, Marigje"]
[Black "Ehab, Mohamed"]
[Result "1-0"]
[ECO "A26"]
[WhiteElo "1889"]
[BlackElo "1948"]
[Annotator "ChessBase"]
[PlyCount "79"]
[EventDate "2021.10.17"]
[EventType "swiss"]
[EventCountry "GRE"]
[SourceTitle "playchess.com"]
[Source "ChessBase"]
[SourceQuality "1"]
[TimeControl "5400+30"]

1. c4 e5 2. Nc3 Nc6 3. g3 g6 4. Bg2 Bg7 5. e4 d6 6. d3 f5 7. Nge2 Nf6 8. O-O O-O 9. h3 Be6 10. exf5 gxf5 11. Bg5 h6 12. Bh4 Qd7 13. Kh2 f4 14. f3 fxg3+ 15. Nxg3 Nd4 16. Nce2 Nf5 17. Nxf5 Bxf5 18. Ng3 Bg6 19. Qd2 Nh5 20. Nxh5 Bxh5 21. Bg3 Rf6 22. f4 Rg6 23. Bd5+ Kh8 24. f5 Rf6 25. Be6 Rxe6 26. fxe6 Qxe6 27. Rf2 Be8 28. Qe3 Bd7 29. Bh4 e4 30. d4 Kh7 31. Raf1 c5 32. Rf7 cxd4 33. Qg3 Rg8 34. R1f6 e3 35. Qg6+ Kh8 36. Rxe6 Be5+ 37. Rxe5 Rxg6 38. Ree7 Bc6 39. Rf8+ Rg8 40. Ra8 1-0

[Event "FIDE WAC U2000 2021"]
[Site "Rhodes"]
[Date "2021.10.24"]
[Round "8.3"]
[White "Hamad Bader"]
[Black "Mohamed Saeed Laily"]
[Result "1/2-1/2"]
[ECO "B11"]
[WhiteElo "1756"]
[BlackElo "1996"]
[Annotator "ChessBase"]
[PlyCount "68"]
[EventDate "2021.10.17"]
[EventType "swiss"]
[EventCountry "GRE"]
[SourceTitle "playchess.com"]
[Source "ChessBase"]
[SourceQuality "1"]
[TimeControl "5400+30"]

1. e4 c6 2. Nf3 d5 3. Nc3 dxe4 4. Nxe4 Nf6 5. Qe2 Nxe4 6. Qxe4 Nd7 7. Bc4 Nf6 8. Ne5 e6 9. Qe2 b5 10. Bd3 Bb7 11. b3 a6 12. Bb2 Bc5 13. O-O Bd4 14. Bxd4 Qxd4 15. a4 O-O 16. c3 Qd6 17. c4 b4 18. c5 Qxc5 19. Rac1 Qd5 20. Qe3 c5 21. f3 Rac8 22. Rc4 Rc7 23. Rfc1 Rfc8 24. a5 Qd6 25. Rh4 h6 26. Nc4 Qe7 27. Nb6 Rd8 28. Rhc4 Qd6 29. Bf1 Qxd2 30. Qxd2 Rxd2 31. Rxc5 Rxc5 32. Rxc5 Ra2 33. Bc4 g6 34. h4 Kg7 1/2-1/2

[Event "FIDE WAC U2000 2021"]
[Site "Rhodes"]
[Date "2021.10.24"]
[Round "8.4"]
[White "Silva Hernandez, Jesus Arturo"]
[Black "Celik, Berkay"]
[Result "0-1"]
[ECO "A48"]
[WhiteElo "1975"]
[BlackElo "1846"]
[Annotator "ChessBase"]
[PlyCount "50"]
[EventDate "2021.10.17"]
[EventType "swiss"]
[EventCountry "GRE"]
[SourceTitle "playchess.com"]
[Source "ChessBase"]
[SourceQuality "1"]
[TimeControl "5400+30"]

1. d4 Nf6 2. Bf4 g6 3. e3 Bg7 4. Nf3 O-O 5. Be2 c5 6. c3 d6 7. h3 Qb6 8. Qb3 Be6 9. Qa3 Qc6 10. O-O c4 11. Nbd2 b5 12. Rfc1 Nd5 13. Bh2 a5 14. b3 Nxc3 15. Bxc4 Bxc4 16. Rxc3 b4 17. Rxc4 bxa3 18. Rxc6 Nxc6 19. Nc4 a4 20. Nb6 axb3 21. Nxa8 b2 22. Rd1 Rxa8 23. Nd2 Nb4 24. Nb1 Nxa2 25. Rd3 Nc3 0-1

[Event "FIDE WAC U2000 2021"]
[Site "Rhodes"]
[Date "2021.10.24"]
[Round "8.5"]
[White "Dogu, Hasim"]
[Black "Astrelin, Evgeny"]
[Result "0-1"]
[ECO "B20"]
[WhiteElo "1852"]
[BlackElo "1980"]
[Annotator "ChessBase"]
[PlyCount "195"]
[EventDate "2021.10.17"]
[EventType "swiss"]
[EventCountry "GRE"]
[SourceTitle "playchess.com"]
[Source "ChessBase"]
[SourceQuality "1"]
[TimeControl "5400+30"]

1. b3 c5 2. e4 d6 3. Bb2 e5 4. Bc4 Nf6 5. Nc3 Be7 6. Nf3 O-O 7. h3 Nc6 8. d3 Nd4 9. Nxd4 cxd4 10. Nd5 Nxd5 11. Bxd5 Qc7 12. O-O Be6 13. Bc4 Bxc4 14. bxc4 f5 15. Qf3 Qc6 16. Rfe1 Rf6 17. Qe2 Raf8 18. f3 f4 19. a4 Rg6 20. Qf2 Qd7 21. Kf1 Rg3 22. Ke2 Bh4 23. Qf1 Rf6 24. Kd2 Rfg6 25. Re2 Qd8 26. c3 dxc3+ 27. Bxc3 Qg5 28. Rb1 Rxg2 29. Qd1 Rxe2+ 30. Qxe2 Qg3 31. Qf1 Qg2+ 32. Qxg2 Rxg2+ 33. Kd1 Rg1+ 34. Kc2 Rxb1 35. Kxb1 Bf2 36. Kc2 Kf7 37. Kd1 Bc5 38. Ke2 b6 39. Be1 Kf6 40. Kf1 g5 41. Kg2 h5 42. Kf1 Kg6 43. Kg2 a6 44. Bd2 Kf6 45. Be1 Ke6 46. Kf1 Kd7 47. Ke2 Kc6 48. Bc3 b5 49. cxb5+ axb5 50. axb5+ Kxb5 51. Be1 Ka4 52. Kd1 Be3 53. Ke2 Bb6 54. Kd1 Kb3 55. Ke2 Ka3 56. Kd1 Ka4 57. Ke2 Kb3 58. Kd1 Bd8 59. Ke2 Ka4 60. Bf2 Kb5 61. Be1 Ba5 62. Bf2 Bb6 63. Be1 Kc6 64. Bb4 Bc5 65. Ba5 Kd7 66. Kf1 Ke7 67. Kg2 Ba7 68. Bc7 Bc5 69. Ba5 Be3 70. Kf1 Ba7 71. Ke2 Bb8 72. Bb6 Kd7 73. Kd1 Bc7 74. Bf2 Kc6 75. Ke2 Bb6 76. Be1 Kd7 77. Kf1 Ke6 78. Bb4 Bc7 79. Kg2 Bd8 80. Kh2 Bc7 81. Kg2 Kf7 82. Be1 Kf6 83. Bf2 Ba5 84. Ba7 Ke6 85. Kf1 Bb4 86. Bf2 Kf6 87. Kg2 Ba5 88. Ba7 Bc3 89. Bf2 Ke6 90. Kf1 Bb4 91. Bb6 Kd7 92. Ke2 Bc3 93. Bf2 Kc6 94. Kf1 Bb4 95. Ke2 d5 96. Ba7 d4 97. Bb8 Bd6 98. Ba7 0-1